 Dungeon Crawl Stone Soup version 0.31-a0-819-gf6de2f5ab6 (webtiles) character file.

Game seed: 12721535919354899106

58 DocEon the Magician (level 3, -2/19 HPs)
             Began as a Deep Elf Conjurer on Sept 24, 2023.
             Killed by nerve-wracking pain
             ... invoked by an orc priest
              (14 damage)
             ... on level 3 of the Dungeon.
             The game lasted 00:01:58 (2757 turns).

DocEon the Magician (Deep Elf Conjurer)             Turns: 2757, Time: 00:01:58

Health: -2/19      AC:  2    Str:  4    XL:     3   Next: 76%
Magic:  3/11       EV: 12    Int: 24    God:
Gold:   142        SH:  0    Dex: 13    Spells: 6/12 levels left

rFire   . . .        (no weapon)
rCold   . . .        (no shield)
rNeg    . . .        a - +0 robe
rPois   .            (no helmet)
rElec   .            (no cloak)
rCorr   .            (no gloves)
SInv    .            (no boots)
Will    .....        (no amulet)
Stlth   ++           (no ring)
HPRegen 0.23/turn    (no ring)
MPRegen 0.12/turn

%: no passive effects
@: no status effects
A: no striking features
a: no special abilities


You were on level 3 of the Dungeon.
You visited 1 branch of the dungeon, and saw 3 of its levels.

You collected 142 gold pieces.

Inventory:

Armour
 a - a +0 robe (worn)
Scrolls
 e - a scroll of fear
Potions
 b - a potion of magic
 c - 2 potions of degeneration
 d - 2 potions of haste
 f - a potion of heal wounds {unknown}
 g - a potion of resistance {unknown}
 k - a potion of might {unknown}


   Skills:
 - Level 2.4 Dodging
 - Level 2.4 Stealth
 * Level 5.0 Spellcasting
 + Level 5.0 Conjurations


You had 6 spell levels left.
You knew the following spells:

 Your Spells              Type           Power      Damage    Failure   Level
a - Magic Dart            Conj           100%       1d8       1%          1
b - Searing Ray           Conj           60%        2d6       1%          2
c - Dazzling Flash        Conj/Hex       36%        N/A       10%         3

Your spell library contained the following spells:

 Spells                   Type           Power      Damage    Failure   Level
 Fulminant Prism          Conj/Hex       9%         3d7       30%         4
 Iskenderun's Mystic Bla  Conj/Tloc      18%        2d6       30%         4
 Summon Forest            Summ/Tloc      3%         N/A       94%         5
 Eringya's Noxious Bog    Tmut/Pois      3%         4d6       100%        6
 Summon Hydra             Summ           3%         N/A       100%        7


Dungeon Overview and Level Annotations

Branches:
Dungeon (3/15)

Altars:
The Shining One

Shops:
D:2 (


Message History

You see here a +0 ring mail.
You start resting.
HP restored.
You start waiting.
Done waiting.
An endoplasm comes into view.
You see here a scroll of revelation.
The endoplasm quivers.
The magic dart hits the endoplasm.
The endoplasm is moderately wounded.
The magic dart hits the endoplasm.
You kill the endoplasm!
Your Conjurations skill increases to level 5!
Casting: Magic Dart (safe; 1% risk of failure)
Confirm with . or Enter, or press ? or * to list all spells.
Aiming: Searing Ray (safe; 1% risk of failure)
Press: ? - help, Shift-Dir - straight line, f - orc priest
Aim: an orc priest, wielding a +0 club and wearing a +0 leather armour of fire resistance (wandering, hasn't noticed you, 79% to hit)
The searing ray hits the orc priest.
The orc priest is moderately wounded.
The orc priest shouts! (Press . to maintain the ray.)
The orc priest begins to cast a cantrip, but forgets the words!
The searing ray hits the orc priest!
The orc priest is severely wounded.
The searing ray hits the orc priest but does no damage.
The orc priest is severely wounded.
The searing ray hits the orc priest.
The orc priest is severely wounded.
You finish channelling your searing ray.
The magic dart hits the orc priest.
The orc priest is almost dead.
The orc priest calls down the wrath of Beogh upon you.
Beogh smites you!
The magic dart hits the orc priest but does no damage.
The orc priest is almost dead.
The orc priest invokes the aid of Beogh against you.
Pain shoots through your body!
Ouch! That really hurt!
You die...

#.##.###..###.##†........#
#.# #...##
##.....###.###.#..# #.#
##..## ##.#####..##.#...# #.#
....# #.###.#.#.####..#####.#
###.##
##.##........#..>.......
#....##
##.####.#.#.##>^.........
......###.##
#........##..######.
#.###.....## ##.#.#.#.# ..#
##. #.# #.##...###..@o....#
##.. #.#
#.#.....###.#.#.#.##..####...
#.#
#.................##.........
#.#
###.....###.#.#.#####.####...
#.######....##............#
##..
#......?..#.###.#.#)#######
###. ###########..........#
#... #####.#.#.## #.#.
#...>...# #.##


You could see an orc priest.

Vanquished Creatures
  An adder (D:3)
  2 worms (D:2)
  A dart slug (D:3)
  2 orcs (D:3)
  5 bats
  6 endoplasms
  3 goblins
  3 hobgoblins
  3 kobolds
  2 quokkas (D:3)
  A ball python (D:1)
  4 frilled lizards
  4 rats
37 creatures vanquished.

Notes
Turn   | Place    | Note
-------+----------+-------------------------------------------
     0 | D:1      | DocEon the Deep Elf Conjurer began the quest for the Orb.
     0 | D:1      | Reached XP level 1. HP: 10/10 MP: 6/6
   210 | D:1      | You fall into a shaft and drop 1 floor!
   232 | D:2      | Found a faded altar of an unknown god.
   454 | D:1      | Reached XP level 2. HP: 15/15 MP: 6/8
   824 | D:1      | Learned a level 2 spell: Searing Ray
   835 | D:2      | Found Relaatze's Weapon Shop.
  2064 | D:3      | Reached XP level 3. HP: 19/19 MP: 6/11
  2068 | D:3      | Learned a level 3 spell: Dazzling Flash
  2392 | D:3      | Found a glowing golden altar of the Shining One.
  2560 | D:3      | Reached skill level 5 in Spellcasting
  2747 | D:3      | Reached skill level 5 in Conjurations
  2757 | D:3      | Killed from afar by an orc priest

Illustrated notes

Levels and vault maps discovered:
D:1:      psy_arrival_radial02, layout_basic
D:2:      layout_basic, shapermc_ecumenical_altar_notcrosses, serial_shops, shop
D:3:      layout_loops_ring, tso_oasis_becter, lemuel_doored_altar,
          minivault_11, st_stairs_12, grunt_ministairs_8,
          minmay_misc_feat_encased

Skill      XL: |  1  2  3 |
---------------+----------+-----
Spellcasting   | 4 5 |  5.0
Conjurations   | 5 |  5.0
Dodging        | |  2.4
Stealth        | |  2.4

Action                     || total
---------------------------++-------
   Cast: Magic Dart        ||    75
         Searing Ray       ||     5
    Use: Scroll            ||     7
 Armour: Robe              ||     1
  Dodge: Dodged            ||     2

Table legend: (Time is in decaauts)
 A = Elapsed time spent in this place.
 B = Non-inter-level travel time spent in this place.
 C = Inter-level travel time spent in this place.
 D = Time resting spent in this place.
 E = Time spent auto-exploring this place.
 F = Levels seen in this place.
 G = Mean time per level.
                   A        B        C        D        E       F      G
               +--------+--------+--------+--------+--------+-----+--------+
         Total |   2755 |   2708 |     47 |    413 |   2059 |   3 |  918.3 |
       Dungeon |   2755 |   2708 |     47 |    413 |   2059 |   3 |  918.3 |
               +--------+--------+--------+--------+--------+-----+--------+

Top non-repeatable levels by time:
     D:2: 1162 daAuts
     D:3: 797 daAuts
     D:1: 795 daAuts
